[Event "Early-Titled-Tuesday-Blitz-February-20-2024"]
[Site "Chess.com"]
[Date "2024.02.20"]
[Round "1"]
[White "Preobrazhenska_D2011"]
[Black "GeorgiosSouleidis"]
[Result "1-0"]
[WhiteElo "2387"]
[BlackElo "2686"]
[TimeControl "180+1"]
[EndTime "8:07:28 PST"]
[Termination "Preobrazhenska_D2011 won on time"]

1. e4 c5 2. Nf3 e6 3. d4 cxd4 4.
Nxd4 Nf6 5. Nc3 Nc6 6. Nxc6 bxc6 7. e5 Nd5 8. Ne4 Qc7 9. f4 Qb6 10. a3 Ba6 11. c4 Ne3 12. Qd3 Nxf1 13. Rxf1 c5 14.
Qc2 Be7 15. Be3 Qc6 16. Rd1 O-O 17. f5 exf5 18. Rxf5 Qe6 19. Nd6 g6 20. Rf4 Qxe5 21. Re4 Qf6 22. Bxc5 Qg5 23. Qf2 Bxd6 24. Bxd6 Rfe8 25.
Rxe8+ Rxe8+ 26. Kf1 Bxc4+ 27. Kg1 Re2 28. Qf3 Qe3+ 29.
Qxe3 Rxe3 30. Bc5 Re2 31. Rxd7 h5 32. Rxa7 Rxb2 33. Ra8+ Kh7 34. Rd8 1-0

[Event "Early-Titled-Tuesday-Blitz-February-20-2024"]
[Site "Chess.com"]
[Date "2024.02.20"]
[Round "1"]
[White "Kgutierrez95"]
[Black "MaxLeto"]
[Result "0-1"]
[WhiteElo "2120"]
[BlackElo "2562"]
[TimeControl "180+1"]
[EndTime "8:07:28 PST"]
[Termination "MaxLeto won by checkmate"]

1. e4 c5 2. Nf3 d6 3. d4 cxd4 4. Nxd4 Nf6 5. Nc3 a6 6. a4 e6 7. Be2 Be7 8. g4 O-O 9. g5 Nfd7 10. h4 Nc6 11. Be3 Nde5 12. f4 Nxd4 13. Bxd4 Nc6 14.
Be3 Nb4 15. Qd2 d5 16. e5 Bd7 17.
Bd3 Nxd3+ 18. Qxd3 Qa5 19. h5 Rac8 20. Bd4 b5 21.
Kf2 bxa4 22. g6 fxg6 23. hxg6 h6 24. Kg3 Rf5 25. Rh3 Rcf8 26. Ne2 Bb5 27. Qe3 Bxe2 28. Qxe2 Rxf4 29. Rah1 Rxd4 30. Rxh6 gxh6 31. Rxh6 Rh4 32.
Rxh4 Bxh4+ 33. Kxh4 Qb4+ 34. Kh3 Qe4 35. Qh5 Rf3+ 36.
Kh2 Qe2+ 37. Kg1 Rf1# 0-1

[Event "Early-Titled-Tuesday-Blitz-February-20-2024"]
[Site "Chess.com"]
[Date "2024.02.20"]
[Round "1"]
[White "Maxfan2008"]
[Black "KerryStead"]
[Result "1-0"]
[WhiteElo "2553"]
[BlackElo "2035"]
[TimeControl "180+1"]
[EndTime "8:07:28 PST"]
[Termination "Maxfan2008 won by resignation"]

1. d4 c5 2. d5 f5 3. Nc3 g6 4. Nf3 Bg7 5. h4 d6 6. h5 Nd7 7. Bg5 Qa5 8. hxg6 hxg6 9. Rxh8 Bxh8 10. Qd2 Bxc3 11. Qxc3 Qxc3+ 12. bxc3 Ngf6 13. c4 Ne4 14. e3 b6 15. Bd3 Nxg5 16. Nxg5 Ne5 17. f4 Nf7 18. Nf3 Bd7 19. Nh4 Nh8 20. Kf2 O-O-O 21.
Rh1 Rg8 22. Nf3 Nf7 23. Rh7 Be8 24. e4 fxe4 25. Bxe4 Kd8 26. g4 g5 27. fxg5 Nxg5 28. Nxg5 Rxg5 29. Bf5 Bd7 30. Rh8+ Kc7 31. Bxd7 Kxd7 32.
Kf3 b5 33. Kf4 Re5 34. g5 Re2 35. cxb5 Rxc2 36. Ra8 Rxa2 37. g6 Rg2 38. Kf5 Rf2+ 39.
Kg5 Rg2+ 40. Kh6 Rh2+ 41. Kg7 e5 42. Rxa7+ Ke8 43. b6 Rb2 44. Kf6 Rxb6 45. g7 1-0

[Event "Early-Titled-Tuesday-Blitz-February-20-2024"]
[Site "Chess.com"]
[Date "2024.02.20"]
[Round "1"]
[White "Rodalquilar"]
[Black "pr1105"]
[Result "1-0"]
[WhiteElo "2741"]
[BlackElo "2404"]
[TimeControl "180+1"]
[EndTime "8:07:31 PST"]
[Termination "Rodalquilar won by resignation"]

1. d4 Nf6 2. Nf3 d5 3. Bf4 c5 4.
e3 Nc6 5. c3 Qb6 6. Qc2 g6 7.
h3 Bg7 8. Nbd2 O-O 9. Be2 Bf5 10. dxc5 Qxc5 11. Qb3 Ne4 12. Qxb7 e5 13. Nb3 Qb6 14.
Qxb6 axb6 15. Bh2 Nd6 16. Nfd2 Be6 17. O-O f5 18. Rfd1 Rfd8 19. Nf3 h6 20. h4 Bf6 21.
Bg3 g5 22. hxg5 hxg5 23. Bh2 f4 24. exf4 gxf4 25. Re1 Kf7 26. a3 Rg8 27. Kf1 d4 28. Nbd2 dxc3 29. bxc3 e4 30. Nd4 Nxd4 31. cxd4 Bxd4 32.
Rad1 f3 33. Bxd6 Rxg2 34. Nxe4 Rag8 35. Bg3 Bh3 36. Bxf3 Rxf2+ 37. Kg1 Rd2+ 38. Kh1 Rxd1 39. Rxd1 Bc5 40. Nxc5 1-0

[Event "Early-Titled-Tuesday-Blitz-February-20-2024"]
[Site "Chess.com"]
[Date "2024.02.20"]
[Round "1"]
[White "NovakRatko"]
[Black "NikitaShnadrygin"]
[Result "0-1"]
[WhiteElo "2365"]
[BlackElo "2696"]
[TimeControl "180+1"]
[EndTime "8:07:31 PST"]
[Termination "NikitaShnadrygin won on time"]

1. d4 d5 2. c4 Nc6 3. Nc3 dxc4 4. d5 Na5 5. e4 e6 6. Bxc4 Nxc4 7. Qa4+ Bd7 8. Qxc4 c6 9. Nf3 Nf6 10. dxc6 Bxc6 11.
O-O Rc8 12. Rd1 Qa5 13. Bg5 Bb4 14. Bxf6 gxf6 15. Qd4 Be7 16. a3 a6 17. b4 Qh5 18.
Ne2 Qg4 19. Ng3 O-O 20. h3 Qf4 21. Nh5 Qh6 22. g4 Rfd8 23. Qc4 Bd5 24. Qe2 Bc6 25. Rac1 Bb5 26. Qe1 Rxc1 27. Rxc1 Bc6 28. a4 Qf8 29.
Qc3 Qh6 30. b5 axb5 31. axb5 Bxb5 32. Qc7 Re8 33. Rb1 Bc6 34. Rxb7 Bxb7 35. Qb8 Rxb8 0-1

[Event "Early-Titled-Tuesday-Blitz-February-20-2024"]
[Site "Chess.com"]
[Date "2024.02.20"]
[Round "1"]
[White "DarkAlekhine"]
[Black "N4700000"]
[Result "1-0"]
[WhiteElo "2857"]
[BlackElo "2479"]
[TimeControl "180+1"]
[EndTime "8:07:32 PST"]
[Termination "DarkAlekhine won on time"]

1. e4 d5 2. exd5 Nf6 3. d4 Bg4 4. Be2 Bxe2 5. Qxe2 Qxd5 6. Nf3 Nc6 7. c4 Qf5 8. O-O O-O-O 9. Be3 e6 10. Nc3 Rg8 11. a3 g5 12. b4 g4 13. Ne5 Nxe5 14. dxe5 Qxe5 15. Nb5 Bd6 16. Nxa7+ Kb8 17. g3 Qe4 18. c5 Be5 19. c6 Qd3 20. Qxd3 Rxd3 21. Ra2 Nd5 22. cxb7 Kxb7 23. Bc5 Nc3 24. Rc2 Ra8 25. Re1 f6 26. Re3 Rxe3 27. Bxe3 Rxa7 28. Bxa7 Kxa7 29. Rd2 Nd5 30. Rc2 Kb6 31. Kg2 Bd4 32. h3 h5 33. hxg4 hxg4 34. Rc4 e5 35. a4 Bc3 36.
a5+ Kb7 37. a6+ Kxa6 38. Rc5 1-0

[Event "Early-Titled-Tuesday-Blitz-February-20-2024"]
[Site "Chess.com"]
[Date "2024.02.20"]
[Round "1"]
[White "gm_rashid"]
[Black "Kiborg95"]
[Result "0-1"]
[WhiteElo "2464"]
[BlackElo "2829"]
[TimeControl "180+1"]
[EndTime "8:07:32 PST"]
[Termination "Kiborg95 won by checkmate"]

1. e4 d6 2. d4 Nf6 3. Nc3 e5 4.
Nge2 Nbd7 5. f3 h5 6. Be3 c6 7. Qd2 b5 8. a3 a5 9. d5 Bb7 10. dxc6 Bxc6 11. Ng3 b4 12. Nd5 h4 13. Nf5 g6 14.
Nh6 Bxd5 15. exd5 Qb8 16. a4 Qb7 17. Rd1 Ke7 18. Bb5 Qxd5 19. Qf2 Qe6 20. Ng4 Nxg4 21. fxg4 Qxg4 22. O-O Qe6 23. Bc6 Rc8 24. Bg5+ f6 25.
Bd5 Qf5 26. Bxh4 Qxf2+ 27. Bxf2 Rxc2 28. b3 Nc5 29. Bxc5 Rxc5 30. Bc4 f5 31. Rd2 Rh4 32.
Rfd1 Kf6 33. g3 Re4 34. Kf2 g5 35. Kf3 g4+ 36. Kg2 Kg5 37. Rd3 f4 38. Rd5 f3+ 39. Kf2 Rxd5 40. Rxd5 Rd4 41. Rxa5 Rd2+ 42. Kg1 Kf5 43.
Bd5 Bh6 44. Kf1 Be3 45. Bc6 Rd1# 0-1

[Event "Early-Titled-Tuesday-Blitz-February-20-2024"]
[Site "Chess.com"]
[Date "2024.02.20"]
[Round "1"]
[White "ploxoi"]
[Black "Szparu"]
[Result "0-1"]
[WhiteElo "2442"]
[BlackElo "2787"]
[TimeControl "180+1"]
[EndTime "8:07:32 PST"]
[Termination "Szparu won by checkmate"]

1. d4 d5 2. c4 e6 3. Nf3 Nf6 4. g3 Bb4+ 5. Bd2 Be7 6. Bg2 c6 7.
O-O O-O 8. Qc2 b6 9. Rd1 Bb7 10. Bf4 Nbd7 11. Nc3 dxc4 12. Nd2 Nd5 13. Nxc4 Nxf4 14.
gxf4 Qc7 15. e3 Rac8 16. a3 g6 17. b4 Rfd8 18. Rac1 Qb8 19. Qb3 Bf8 20. Rd2 Bg7 21. Rcd1 Ba8 22. Ne4 Nf6 23. Ne5 Nd5 24. Rc1 f6 25. Nd3 h6 26. Rdc2 g5 27. fxg5 hxg5 28. Ng3 Kf7 29. Bf3 Rh8 30. Kg2 Rh4 31. a4 Rch8 32.
Rh1 R8h6 33. b5 c5 34. dxc5 g4 35. Be4 f5 36. Nxf5 Rxh2+ 37. Rxh2 Qxh2+ 38. Kf1 Nxe3+ 39.
Nxe3 Bxe4 40. c6 Bf3 41. Ke1 Qg1+ 42. Nf1 Qxf1+ 43. Kd2 Qe2+ 44. Kc1 Qd1# 0-1

[Event "Early-Titled-Tuesday-Blitz-February-20-2024"]
[Site "Chess.com"]
[Date "2024.02.20"]
[Round "1"]
[White "DmitriiZakurdaev"]
[Black "Nemegejas"]
[Result "1/2-1/2"]
[WhiteElo "2464"]
[BlackElo "2791"]
[TimeControl "180+1"]
[EndTime "8:07:33 PST"]
[Termination "Game drawn by repetition"]

1. d4 Nf6 2. c4 c6 3. Nc3 d5 4.
Nf3 e6 5. Bg5 Be7 6. e3 O-O 7. Qc2 Nbd7 8. Rd1 b6 9. cxd5 cxd5 10.
Bd3 Bb7 11. O-O a6 12. Qe2 b5 13. Bb1 Rc8 14. Ne5 b4 15. Nxd7 Qxd7 16. Bxf6 Bxf6 17.
Qd3 g6 18. Ne2 a5 19. Nf4 Qd6 20. Rfe1 Ba6 21. Qd2 Rc7 22. Nd3 Rfc8 23. Nc5 Bb5 24. e4 Be7 25. e5 Qb6 26. h4 Bxh4 27. Qh6 Be7 28. Re3 Bf8 29. Qh4 Bxc5 30. dxc5 Qxc5 31. Rh3 h5 32. Rg3 Be2 33. Bxg6 fxg6 34. Rxg6+ Rg7 35. Rxg7+ Kxg7 36. Qf6+ Kh7 37. Qf7+ Kh8 38. Qf6+ Kh7 39. Qf7+ Kh8 40. Qf6+ Kh7 1/2-1/2

[Event "Early-Titled-Tuesday-Blitz-February-20-2024"]
[Site "Chess.com"]
[Date "2024.02.20"]
[Round "1"]
[White "Lukianoo"]
[Black "Alimpic"]
[Result "1-0"]
[WhiteElo "2897"]
[BlackElo "2499"]
[TimeControl "180+1"]
[EndTime "8:07:34 PST"]
[Termination "Lukianoo won on time"]

1. e4 g6 2. d4 c6 3. Nc3 d5 4. Nf3 dxe4 5. Nxe4 Nf6 6. Bd3 Bg7 7.
O-O Nxe4 8. Bxe4 O-O 9. c3 Nd7 10. Re1 Re8 11. Bf4 Nf6 12. Bc2 Bg4 13. h3 Bxf3 14.
Qxf3 Nd5 15. Be5 a5 16. Bxg7 Kxg7 17. h4 h5 18. Re5 e6 19. Rg5 Rh8 20. Re1 Qf6 21.
Qg3 a4 22. Ree5 a3 23. b3 Rh6 24. c4 Ne7 25. f4 Rd8 26. Qf2 Nf5 27. Bxf5 exf5 28.
Rg3 Rd7 29. Rd3 Rh8 30. g3 Rhd8 31. Qe3 Qd6 32. Qd2 b6 33. Qc3 f6 34. Re2 Re7 35. Rxe7+ Qxe7 36. Re3 Qd6 37. Rd3 Re8 38. Qd2 Re4 39. d5 c5 40. Re3 Rd4 41. Qe2 Kh6 42. Re8 Kg7 43. Re6 Qd8 44. Re7+ Kh6 45. Qe6 Re4 46. Rd7 Rxe6 47. Rxd8 Re1+ 48. Kf2 Ra1 49. d6 Rxa2+ 50. Ke3 Ra1 51. d7 a2 52. Rh8+ Kg7 53.
d8=Q 1-0

[Event "Early-Titled-Tuesday-Blitz-February-20-2024"]
[Site "Chess.com"]
[Date "2024.02.20"]
[Round "1"]
[White "mbojan"]
[Black "AttilaTurzo"]
[Result "1/2-1/2"]
[WhiteElo "2866"]
[BlackElo "2492"]
[TimeControl "180+1"]
[EndTime "8:07:34 PST"]
[Termination "Game drawn by repetition"]

1. e4 c6 2. d4 d5 3. Nc3 dxe4 4. Nxe4 Nf6 5. Nxf6+ exf6 6. c3 Bd6 7. Bd3 O-O 8.
Qc2 h5 9. Ne2 Re8 10. O-O Nd7 11. Ng3 h4 12. Nf5 Qc7 13. Nxd6 Qxd6 14. h3 Nf8 15.
Be3 Bd7 16. Rfe1 b6 17. Rad1 Ne6 18. Qc1 Rad8 19. c4 Bc8 20. d5 cxd5 21. cxd5 Nc5 22.
Bb5 Bd7 23. Bxc5 Rxe1+ 24. Rxe1 Qxc5 25. Qxc5 bxc5 26. Bc4 Kf8 27. d6 Re8 28. Rd1 Re4 29. b3 Ke8 30. Rd5 Re5 31. Rd2 Be6 32. Bb5+ Bd7 33.
Bc4 Be6 34. Be2 Rd5 35. Bb5+ Kd8 36. Rxd5 Bxd5 37. f3 Be6 38. Kf2 Bd7 39. Bc4 Be6 40. Bb5 Bd7 41. Bd3 Be6 42. Bb5 1/2-1/2

[Event "Early-Titled-Tuesday-Blitz-February-20-2024"]
[Site "Chess.com"]
[Date "2024.02.20"]
[Round "1"]
[White "BilodeauA"]
[Black "Hananmo"]
[Result "1-0"]
[WhiteElo "3017"]
[BlackElo "2524"]
[TimeControl "180+1"]
[EndTime "8:07:35 PST"]
[Termination "BilodeauA won by resignation"]

1. e4 c5 2. Nf3 d6 3. d4 cxd4 4. Nxd4 Nf6 5. Nc3 g6 6. Be2 Bg7 7. O-O O-O 8. Be3 Nc6 9. Nb3 Na5 10. Kh1 Be6 11. Nd4 Bc4 12. f3 Rc8 13. Bg1 Bxe2 14. Ndxe2 a6 15. b3 Nd7 16. Qd2 b5 17. Rad1 Nc6 18.
f4 Qa5 19. e5 Rfd8 20. exd6 exd6 21. f5 Nce5 22. fxg6 hxg6 23. Bd4 Nc5 24. Nf4 Re8 25. a3 Ne6 26. Nxe6 Rxe6 27. h3 Qxa3 28. Nd5 Qa2 29. Nb4 Qa5 30. Ra1 Qc7 31. Rxa6 Qb7 32. Ra7 Qe4 33.
Bxe5 Bxe5 34. Raxf7 Qh4 35. R7f3 Kg7 36. Nd3 Bg3 37. Rf7+ Kg8 38. Qd1 Be5 39. Qf3 Bg7 40. Rxg7+ Kxg7 41. Qf7+ Kh6 42. Qxe6 1-0

[Event "Early-Titled-Tuesday-Blitz-February-20-2024"]
[Site "Chess.com"]
[Date "2024.02.20"]
[Round "1"]
[White "jodarmarlon1985"]
[Black "ukchessbomber"]
[Result "0-1"]
[WhiteElo "2209"]
[BlackElo "2595"]
[TimeControl "180+1"]
[EndTime "8:07:35 PST"]
[Termination "ukchessbomber won on time"]

1. e4 a6 2. d4 b6 3. Bd3 Bb7 4. Nf3 d5 5. e5 c5 6. c3 g6 7. O-O Bg7 8. Re1 e6 9. Bg5 Ne7 10. Nbd2 Nbc6 11. a3 h6 12. Be3 O-O 13. dxc5 Nxe5 14. Nxe5 Bxe5 15. Bxh6 Bg7 16. Bxg7 Kxg7 17.
cxb6 Qxb6 18. Qb3 Qc7 19. Nf3 Rab8 20. Qc2 Rh8 21. h3 Rh6 22. Qe2 Qb6 23. Ne5 Rbh8 24. Nd7 Qd6 25. Qe5+ Qxe5 26. Nxe5 g5 27. b4 Nf5 28. a4 d4 29. c4 Rh4 30. b5 Nh6 31. f3 Rc8 32. Rac1 Rc5 33. Be4 Bxe4 34. Rxe4 Rxe4 35. fxe4 Rxe5 36. c5 d3 37. c6 axb5 38.
axb5 d2 39. Rd1 Rxb5 40. Rxd2 Rc5 41. Rd6 Ng8 42. Kf2 Ne7 43. Ke3 Nxc6 44. g3 Rc3+ 0-1

[Event "Early-Titled-Tuesday-Blitz-February-20-2024"]
[Site "Chess.com"]
[Date "2024.02.20"]
[Round "1"]
[White "wanyaland"]
[Black "Hovik_Hayrapetyan"]
[Result "0-1"]
[WhiteElo "2493"]
[BlackElo "2887"]
[TimeControl "180+1"]
[EndTime "8:07:37 PST"]
[Termination "Hovik_Hayrapetyan won by resignation"]

1. d4 Nf6 2. c4 e6 3. g3 d5 4. Bg2 Bb4+ 5. Bd2 Be7 6. Nf3 O-O 7. O-O Nbd7 8. Qc2 c6 9. a4 a5 10. Rd1 b6 11. Bf4 Ba6 12. Nbd2 dxc4 13. Nxc4 Nd5 14. Bd2 Rc8 15. Nfe5 Nxe5 16. dxe5 Qc7 17. f4 Rfd8 18. b3 Nb4 19. Qe4 Rd4 20. Qf3 Rcd8 21. e3 Rd3 22. Bxb4 Bxb4 23. Rxd3 Rxd3 24. Qxc6 Qxc6 25. Bxc6 Rxb3 26.
Nd6 Rxe3 27. Nb5 Bc5 28. Kg2 h5 29. Ra2 Rd3 30. Rc2 g6 31. Bf3 Bc8 32. h4 Bd7 33. Rb2 Bxb5 34. Rxb5 Rd4 35. Rb2 Rxa4 36. Rd2 Rc4 37.
Rd8+ Kg7 38. Ra8 a4 39. Bc6 Rc2+ 40. Kf3 a3 41. Bb5 a2 42. Ke4 Rg2 43. Ra7 Rd2 44. Be8 Bd4 45. Bxf7 a1=Q 0-1

[Event "Early-Titled-Tuesday-Blitz-February-20-2024"]
[Site "Chess.com"]
[Date "2024.02.20"]
[Round "1"]
[White "Grischuk"]
[Black "Shuvalov"]
[Result "1-0"]
[WhiteElo "3106"]
[BlackElo "2537"]
[TimeControl "180+1"]
[EndTime "8:07:38 PST"]
[Termination "Grischuk won by resignation"]

1. d4 Nf6 2. c4 g6 3. g3 c5 4.
Nf3 cxd4 5. Nxd4 d5 6. Bg2 dxc4 7. O-O Bg7 8. Qa4+ Bd7 9. Qxc4 Nc6 10. Nxc6 bxc6 11.
Nc3 O-O 12. Rd1 Qb6 13. Na4 Qa5 14. Nc5 Bf5 15. b4 Qc7 16. Bf4 e5 17. Bg5 Rad8 18. Na6 Qb6 19. Qxc6 Rxd1+ 20. Rxd1 Qxc6 21. Bxc6 Ne4 22. Be3 Nc3 23. Rd2 Nxe2+ 24. Rxe2 Bd3 25. Rd2 Bxa6 26. b5 Bc8 27. Bc5 Be6 28. Bxf8 Bxf8 29. a4 Kg7 30. a5 Bb4 31. b6 axb6 32. a6 Bxd2 33. a7 Bb4 34. a8=Q Bc5 35. Bd5 Bxd5 36. Qxd5 Bd4 37. Kg2 h5 38. f4 Kf6 39. Kf3 e4+ 40. Kxe4 Bc5 41. Qc6+ Kg7 42. f5 gxf5+ 43. Kxf5 Bd4 44.
Qd6 Bc5 45. Qf6+ Kg8 46. Qg5+ Kf8 47. Qxh5 Kg7 48. Qg5+ Kf8 49. h4 1-0

[Event "Early-Titled-Tuesday-Blitz-February-20-2024"]
[Site "Chess.com"]
[Date "2024.02.20"]
[Round "1"]
[White "GOGIEFF"]
[Black "Journey_to_GrandMaster_YT"]
[Result "1-0"]
[WhiteElo "3027"]
[BlackElo "2525"]
[TimeControl "180+1"]
[EndTime "8:07:38 PST"]
[Termination "GOGIEFF won by resignation"]

1. d4 d6 2. Nf3 Nf6 3. c4 Nbd7 4. Nc3 e5 5. e4 Be7 6. Be2 O-O 7. O-O c6 8. Qc2 Qc7 9. Bg5 Re8 10. Rfd1 a6 11. Rac1 b5 12. cxb5 cxb5 13. Nd5 Nxd5 14. Qxc7 Nxc7 15.
Rxc7 Bxg5 16. Nxg5 h6 17. Nf3 exd4 18. Nxd4 Nf6 19.
f3 d5 20. e5 Rxe5 21. Kf2 Re8 22. Rdc1 Be6 23. b4 Red8 24. a3 Ne8 25. Nxe6 fxe6 26. Re7 Rd6 27. Bd3 Kf8 28. Rb7 Rad8 29. Bg6 R8d7 30. Rxd7 Rxd7 31. Rc8 Re7 32. Ra8 e5 33.
h4 Re6 34. h5 d4 35. Ke2 Re7 36. Kd3 Re6 37. g3 Re7 38. f4 exf4 39. gxf4 Re1 40.
Kxd4 Re6 41. Kc5 Re3 42. f5 Re5+ 43. Kb6 Re3 44. Rxe8+ Rxe8 45. Bxe8 Kxe8 46. Kxa6 Ke7 47. Kxb5 Kf6 48. Kc6 Kxf5 49. b5 g5 50. hxg6 Kxg6 51.
b6 h5 52. b7 h4 53. b8=Q h3 54. Qh2 1-0

[Event "Early-Titled-Tuesday-Blitz-February-20-2024"]
[Site "Chess.com"]
[Date "2024.02.20"]
[Round "1"]
[White "C_K_G"]
[Black "IriBu"]
[Result "0-1"]
[WhiteElo "2160"]
[BlackElo "2575"]
[TimeControl "180+1"]
[EndTime "8:07:39 PST"]
[Termination "IriBu won by checkmate"]

1. e4 d6 2. Nf3 g6 3. d4 Bg7 4. c4 c5 5. dxc5 dxc5 6. Qxd8+ Kxd8 7. Nc3 e6 8. Be2 Nc6 9. Be3 b6 10. O-O-O+ Bd7 11. Nb5 Nf6 12. Nd6 Rf8 13. Ng5 Ne5 14. f4 Neg4 15. Bg1 Nh6 16. e5 Nh5 17. Nxh7 Nxf4 18.
Bf3 Ke7 19. Nxf8 Rxf8 20. Be3 Bxe5 21. g3 g5 22. Ne4 Nf5 23. gxf4 Bxb2+ 24. Kxb2 Nxe3 25.
fxg5 Nxd1+ 26. Rxd1 Bc6 27. Nd2 Ba4 28. Re1 Rd8 29.
Kc3 Rh8 30. Re2 Rh3 31. Kd3 Bd1 32. Rf2 a6 33. Ke4 Bc2+ 34. Kf4 b5 35. Kg4 Bf5+ 36. Kf4 bxc4 37. Nxc4 Rh4+ 38. Kg3 Rxc4 39. h4 e5 40. h5 Rc3 41. Kg2 e4 42. Be2 Ke6 43. Bxa6 Ke5 44. h6 Bg6 45. Rxf7 e3 46. Rf6 Be4+ 47. Kf1 Rc2 48.
Rf8 Kd4 49. Re8 Bf3 50. h7 Rc1# 0-1

[Event "Early-Titled-Tuesday-Blitz-February-20-2024"]
[Site "Chess.com"]
[Date "2024.02.20"]
[Round "1"]
[White "shimastream"]
[Black "bilosuvenosu06"]
[Result "1-0"]
[WhiteElo "2978"]
[BlackElo "2520"]
[TimeControl "180+1"]
[EndTime "8:07:40 PST"]
[Termination "shimastream won by resignation"]

1. f4 d5 2. Nf3 Nf6 3. e3 Nbd7 4.
b3 g6 5. Bb2 Bg7 6. Be2 O-O 7.
O-O c5 8. c4 dxc4 9. bxc4 b6 10. Qc2 Bb7 11. Nc3 a6 12. Rad1 Rc8 13. h3 Qc7 14. d3 Rfd8 15. a4 Nb8 16. Ne5 Nc6 17. Nxc6 Bxc6 18. Bf3 Bxf3 19. Rxf3 Rd7 20. Rf2 Rcd8 21.
Rfd2 Qc6 22. Qb3 e6 23. a5 bxa5 24. Qa4 Qc7 25. Qa3 Ne8 26. Na4 Bxb2 27. Rxb2 Nd6 28. Rc2 Nb7 29. Rb2 Nd6 30. Rc2 Nb7 31. Qc3 Qc6 32. Ra2 Nd6 33. Rdd2 Nb7 34. Kf2 Rd6 35. Ra3 R8d7 36. Qe5 Qc7 37. Qb2 Qd8 38. Qc2 f6 39. Ke2 e5 40. fxe5 fxe5 41. Nc3 Qg5 42. g4 Qh4 43. Ne4 Rc6 44. Qb2 Qxh3 45. Qxe5 Qxg4+ 46. Ke1 Qe6 47. Qxe6+ Rxe6 48. Ke2 Rde7 49. Rb2 Kf8 50.
Rab3 Nd6 51. Nxc5 Rxe3+ 52. Kd2 Rf3 53. Kc3 Ree3 54. Rb6 Nf5 55. Rxa6 Ng3 56. Rb7 Ne2+ 57. Kd2 Rf7 58. Rb8+ Kg7 59. Kxe3 Ng3 60. Kd2 Nf5 61. Kc3 Rd7 62. Ne6+ Kf6 63. Nc5+ Rd6 64. Ne4+ Ke5 65. Nxd6 Nxd6 66. Rb5+ Nxb5+ 67. cxb5 h5 68. b6 h4 69. b7 h3 70. b8=Q+ Kd5 71. Qg3 1-0

[Event "Early-Titled-Tuesday-Blitz-February-20-2024"]
[Site "Chess.com"]
[Date "2024.02.20"]
[Round "1"]
[White "Viktor_Poddubnyi"]
[Black "gshwbedhkhd"]
[Result "1-0"]
[WhiteElo "2296"]
[BlackElo "2620"]
[TimeControl "180+1"]
[EndTime "8:07:40 PST"]
[Termination "Viktor_Poddubnyi won on time"]

1. e4 c5 2. Nf3 e6 3. g3 Nc6 4. Bg2 Nf6 5. e5 Nd5 6. O-O d6 7. d4 cxd4 8. exd6 Bxd6 9. Nxd4 O-O 10. Nxc6 bxc6 11. c4 Ne7 12. Nc3 Rb8 13. b3 Be5 14. Bb2 c5 15. Qe2 Bd4 16. Rfd1 Bb7 17. Nb5 Bxg2 18. Nxd4 Qc7 19. Nxe6 fxe6 20. Qxe6+ Rf7 21. Kxg2 Nc6 22. Rd2 Rf8 23. Rad1 Kh8 24. f4 Re7 25. Qd6 Qb7 26. Kg1 Rfe8 27. Qxc5 Nb4 28. Rd8 Nc2 29.
Rxe8+ Rxe8 30. Qe5 Qb6+ 31. c5 Rxe5 32. cxb6 Re8 33.
bxa7 Kg8 34. Rc1 Nb4 35. Bd4 Nd3 36. Rc7 Re1+ 37. Kg2 Re2+ 38. Kf3 Rxa2 39. Rc8+ Kf7 40. a8=Q Rxa8 41. Rxa8 1-0

[Event "Early-Titled-Tuesday-Blitz-February-20-2024"]
[Site "Chess.com"]
[Date "2024.02.20"]
[Round "1"]
[White "ChEsper99"]
[Black "jaskol95"]
[Result "0-1"]
[WhiteElo "2181"]
[BlackElo "2580"]
[TimeControl "180+1"]
[EndTime "8:07:40 PST"]
[Termination "jaskol95 won by resignation"]

1. e4 e6 2. d4 d5 3. Nd2 Nf6 4.
e5 Nfd7 5. Bd3 c5 6. c3 Nc6 7. Ne2 cxd4 8. cxd4 f6 9. exf6 Nxf6 10. O-O Bd6 11.
Nf3 Qc7 12. h3 O-O 13. Be3 a6 14. Re1 Bd7 15. Rc1 Be8 16. Ng5 Qe7 17. f4 h6 18.
Nf3 Bh5 19. g4 Bxg4 20. hxg4 Nxg4 21. Qd2 Qf7 22. Ne5 Bxe5 23. dxe5 Qh5 24. Ng3 Qh4 25.
Qg2 Nxe3 26. Rxe3 Rxf4 27. Rf1 Raf8 28. Ref3 Nxe5 29. Rxf4 Rxf4 30. Rxf4 Qxf4 31. Be2 Qd4+ 32. Kh1 Qxb2 33. Nh5 Nf7 34. Nf4 Qf6 35. Qg4 Ng5 36.
Bd3 Qa1+ 37. Kg2 Qxa2+ 38. Kg3 d4 39. Nxe6 Qxe6 40. Qxd4 Kf7 41. Qb6 Qxb6 0-1

[Event "Early-Titled-Tuesday-Blitz-February-20-2024"]
[Site "Chess.com"]
[Date "2024.02.20"]
[Round "1"]
[White "VinzentSpitzl"]
[Black "stratacticos"]
[Result "1-0"]
[WhiteElo "2543"]
[BlackElo "1978"]
[TimeControl "180+1"]
[EndTime "8:07:40 PST"]
[Termination "VinzentSpitzl won on time"]

1. e4 c5 2. Nf3 Nc6 3. d4 cxd4 4. Nxd4 e5 5. Nb5 d6 6. c4 Be6 7. N1c3 a6 8. Na3 Be7 9. Be2 Nf6 10. Be3 O-O 11. Nc2 Rc8 12. O-O Na5 13. b3 b5 14.
Qd2 bxc4 15. b4 Nc6 16. Rfd1 Rb8 17. Rab1 h6 18. a4 a5 19. b5 Nb4 20. Rxb4 axb4 21. Nxb4 Bd7 22. f3 Nh7 23. Nbd5 Bg5 24. Bxc4 Bxe3+ 25.
Nxe3 Ng5 26. Qxd6 Be6 27. Qxd8 Rfxd8 28. Ncd5 Kf8 29. a5 Bxd5 30. Nxd5 Ne6 31. b6 Nc5 32.
Rb1 f5 33. a6 fxe4 34. fxe4 Nxe4 35. a7 Ra8 36. b7 Nd6 37. bxa8=Q Rxa8 38. Rb8+ 1-0

[Event "Early-Titled-Tuesday-Blitz-February-20-2024"]
[Site "Chess.com"]
[Date "2024.02.20"]
[Round "1"]
[White "HeroWilczek"]
[Black "xamax2000"]
[Result "0-1"]
[WhiteElo "2476"]
[BlackElo "2853"]
[TimeControl "180+1"]
[EndTime "8:07:41 PST"]
[Termination "xamax2000 won by checkmate"]

1. e4 c5 2. Nf3 d6 3. Bb5+ Bd7 4.
Bxd7+ Nxd7 5. c3 Ngf6 6. Qe2 e6 7. O-O Be7 8. d4 O-O 9. h3 Rc8 10. Bf4 d5 11. Nbd2 dxe4 12. Nxe4 cxd4 13. cxd4 Qb6 14. Rac1 h6 15. b3 Ba3 16. Rxc8 Rxc8 17. Rd1 Nxe4 18.
Qxe4 Nf6 19. Qd3 Nd5 20. Be5 Rc3 21. Qe4 Qc6 22. Qg4 Bf8 23. Bf4 Nf6 24. Qh4 g5 25. Nxg5 hxg5 26. Qxg5+ Bg7 27. Be5 Ne8 28. d5 exd5 29.
Bxg7 Nxg7 30. Rxd5 Rc1+ 31. Kh2 Qc7+ 32. g3 Rc6 33. Rd8+ Kh7 34. Qh4+ Rh6 35. Qe4+ f5 36. Qd4 Qc6 37. h4 a6 38. Rd7 Qf6 39. Qf4 b5 40. Qc7 f4 41. Rf7 fxg3+ 42. fxg3 Qb2+ 43. Kh3 Rg6 44. Qc5 Kh6 45. Rc7 Qf6 46. a4 Qf1+ 47. Kh2 Qe2+ 48. Kh3 Qg4+ 49. Kh2 Qxg3+ 50. Kh1 Qg2# 0-1

[Event "Early-Titled-Tuesday-Blitz-February-20-2024"]
[Site "Chess.com"]
[Date "2024.02.20"]
[Round "1"]
[White "ShieldingOff"]
[Black "FARIZA2018"]
[Result "0-1"]
[WhiteElo "1996"]
[BlackElo "2548"]
[TimeControl "180+1"]
[EndTime "8:07:42 PST"]
[Termination "FARIZA2018 won on time"]

1. d4 Nf6 2. c4 e6 3. g3 d5 4.
Nf3 dxc4 5. Bg2 c5 6. O-O Nc6 7. dxc5 Qxd1 8. Rxd1 Bxc5 9. Na3 Bxa3 10. bxa3 O-O 11.
Be3 Bd7 12. Nd2 Na5 13. Bc5 Rfc8 14. Bb4 Nc6 15. Bc3 Nd5 16. Bxd5 exd5 17. Nf3 Be6 18. Rab1 b6 19. Nd4 Ne7 20. Rb2 Rd8 21. a4 Rd7 22. a5 bxa5 23. Bxa5 h5 24. Rdb1 Kh7 25. Rb7 Rxb7 26. Rxb7 Ng6 27. Bc3 Rg8 28. Rxa7 h4 29. a4 h3 30. f3 Rb8 31. a5 Rb1+ 32.
Kf2 Rc1 33. Bb2 Rb1 34. Bc3 Nf8 35. a6 Bd7 0-1

[Event "Early-Titled-Tuesday-Blitz-February-20-2024"]
[Site "Chess.com"]
[Date "2024.02.20"]
[Round "1"]
[White "viktorgen2021"]
[Black "mr65"]
[Result "1-0"]
[WhiteElo "2542"]
[BlackElo "1971"]
[TimeControl "180+1"]
[EndTime "8:07:42 PST"]
[Termination "viktorgen2021 won by resignation"]

1. d4 Nf6 2. Nf3 g6 3. g3 Bg7 4. Bg2 O-O 5. O-O d6 6. a4 Nbd7 7. a5 a6 8. Nc3 e5 9. e4 exd4 10. Nxd4 Nc5 11. h3 Re8 12. Re1 Bd7 13. Kh2 Bc6 14.
Nxc6 bxc6 15. Bf4 Rb8 16. Rb1 Nfd7 17. Qd2 Ne5 18. b3 h5 19. Bg5 Qd7 20. f4 f6 21. Bh4 Nf7 22. b4 Ne6 23. f5 gxf5 24. exf5 Neg5 25. Rf1 Re5 26. g4 hxg4 27. hxg4 Bh6 28.
Qf2 Kg7 29. Bg3 Re7 30. Bf4 Rh8 31. Kg3 Ree8 32. Rbe1 Rxe1 33. Rxe1 Ne5 34. Ne4 Nxe4+ 35. Bxe4 Bxf4+ 36. Qxf4 d5 37. Bg2 Kf8 38. g5 Qg7 39. g6 Rh5 40. Rh1 Rxh1 41. Bxh1 Qh8 42. Bg2 Kg7 43.
Qf2 Qh6 44. Qa7 Qg5+ 45. Kh2 Ng4+ 46. Kg1 Qe3+ 47. Qxe3 Nxe3 48. Bf1 Nxc2 49. Bxa6 Nxb4 50. Bc8 c5 51. a6 Nc6 52. Bb7 Na7 53. Bxd5 c6 54.
Be4 c4 55. Kf2 c3 56. Ke3 Nb5 57. Kd3 c5 58. Bc6 Na7 59. Bd7 Kf8 60. Kxc3 Kg7 61. Kc4 Kf8 62. Kxc5 Kg7 63. Kb6 1-0